 Dungeon Crawl Stone Soup version 0.17.1-1-g73c8601 (webtiles) character file.

9575 Clownie the Covert (level 11, -2/64 HPs)
             Began as an Octopode Assassin on Dec 31, 2015.
             Was a Follower of Ashenzari.
             Killed from afar by an orc warrior (9 damage)
             ... with a wand of flame
             ... on level 11 of the Dungeon.
             The game lasted 00:19:26 (12963 turns).

Clownie the Covert (Octopode Assassin)             Turns: 12963, Time: 00:19:26

Health: -2/64      AC:  2    Str: 11    XL:     11   Next: 48%
Magic:  14/20      EV: 20    Int: 14    God:    Ashenzari [*.....]
Gold:   591        SH:  0    Dex: 16    Spells: 1 memorised, 4 levels left

rFire  . . .     SeeInvis .     a - +2 rapier (holy)
rCold  . . .     Clarity  .     (no shield)
rNeg   . . .     SustAt   .     (helmet restricted)
rPois  .         Gourm    .     (no amulet)
rElec  .         Spirit   .     w - ring of magical power
rCorr  .         Warding  .     z - +3 ring of slaying (curse)
rMut   .         Stasis   .     s - ring of invisibility
MR     .....                    (no ring)
Stlth  +++++++...               (no ring)
                                (no ring)
                                (no ring)
                                (no ring)

@: not resistant to hostile enchantments, extremely stealthy
A: almost no armour, amphibious, 8 rings, constrict 8, molten scales 1,
camouflage 1, blurry vision 1, wild magic 1, gelatinous body 1, MP-powered wands
a: Scrying, Renounce Religion, Evoke Invisibility


You were on level 11 of the Dungeon.
You worshipped Ashenzari.
Ashenzari was aware of your devotion.
You were hungry.

You visited 2 branches of the dungeon, and saw 12 of its levels.

You collected 591 gold pieces.

Inventory:

Hand Weapons
 a - a +2 rapier of holy wrath (weapon)
 b - a +0 blowgun
Missiles
 c - 54 poisoned needles
 r - a curare-tipped needle
 t - a throwing net (quivered)
Jewellery
 s - a ring of invisibility (on tentacle)
 w - a ring of magical power (left tentacle)
 z - a cursed +3 ring of slaying (right tentacle)
 J - an uncursed amulet of resist mutation
 N - an uncursed amulet of clarity
Wands
 d - a wand of flame (26)
 y - a wand of enslavement (0)
 Q - a wand of draining (4)
Scrolls
 f - 2 scrolls of fear {unknown}
 g - 2 scrolls of blinking {unknown}
 j - 3 scrolls of enchant armour {unknown}
 l - 3 scrolls of immolation {unknown}
 m - 2 scrolls of teleportation {unknown}
 q - a scroll of curse armour
 u - 2 scrolls of recharging {unknown}
 v - a scroll of fog {unknown}
 x - a scroll of vulnerability {unknown}
 B - a scroll of magic mapping {unknown}
 C - a scroll of holy word {unknown}
 D - a scroll of silence {unknown}
 E - a scroll of curse jewellery
 F - 3 scrolls of remove curse
 G - a scroll of noise {unknown}
 I - a scroll of amnesia {unknown}
 R - 2 scrolls of identify
Potions
 i - a potion of curing
 n - a potion of brilliance
 o - a potion of agility
 A - a potion of cure mutation {unknown}
 H - a potion of resistance {unknown}
Books
 k - a book of Fire

   Spells                             Type                      Level
   a - Ignite Poison                  Fire/Transmutation/Poison    3
   b - Fireball                       Conjuration/Fire             5
   c - Bolt of Fire                   Conjuration/Fire             6
   d - Delayed Fireball               Conjuration/Fire             7
   e - Ring of Flames                 Charms/Fire                  7
 O - a book of the Warp

   Spells                             Type                      Level
   a - Recall                         Summoning/Translocation      3
   b - Gell's Gravitas                Hexes/Translocation          3
   c - Force Lance                    Conjuration/Translocation    4
   d - Phase Shift                    Translocation                5
   e - Warp Weapon                    Charms/Translocation         5
   f - Summon Forest                  Summoning/Translocation      5
Comestibles
 e - 5 bread rations
 h - 4 meat rations
 K - a slice of pizza
 L - 9 royal jellies
 M - 2 beef jerkies


   Skills:
 - Level 2.0 Fighting
 - Level 11.0 Short Blades
 - Level 2.0 Throwing
 * Level 11.3 Dodging
 + Level 12.3 Stealth


You had 4 spell levels left.
You knew the following spells:

 Your Spells              Type           Power        Failure   Level  Hunger
a - Invisibility          Hex            #.......     100%        6    #######


Dungeon Overview and Level Annotations

Branches:
Dungeon (11/15)            Temple (1/1) D:7            Lair (0/8) D:9
    Orc (0/4) D:11

Altars:
Ashenzari
Cheibriados
Dithmenos
Elyvilon
Fedhas
Gozag
Kikubaaqudgha
Makhleb
Nemelex Xobeh
Okawaru
Qazlal
Ru
Sif Muna
Trog
Vehumet
Xom
Yredelemnul
Zin
The Shining One

Shops:
D:3 *   D:11 ([

Annotations:
D:8 exclusions: 2 electric eels and lava snake
D:10 exclusion: killer bee


Innate Abilities, Weirdness & Mutations

You cannot wear most types of armour.
You are amphibious.
You can wear up to eight rings at the same time.
You can use your tentacles to constrict eight enemies at once.
Your skin changes colour to match your surroundings (Stealth).
Your rubbery body absorbs attacks (AC +1).
You are partially covered in molten scales (AC +1).
Scrolls take you a little longer to read.
Your spells are a little harder to cast, but a little more powerful.
You expend magic power (3 MP) to strengthen your wands.


Message History

The bolt of negative energy hits the orc warrior.
The orc warrior is drained!
The orc warrior is heavily wounded.
Evoking this partially-identified wand wasted a few charges.
The orc warrior zaps a wand.
The puff of flame hits you!
* * * LOW HITPOINT WARNING * * *
Drink which item? (? for menu, Esc to quit)
Okay, then.
Read which item? (? for menu, Esc to quit)
Okay, then.
Evoke which item? (* to show all) (? for menu, Esc to quit)
Zapping:
Q - a wand of draining {zapped: 2} (will waste charges)
Press: ? - help, Shift-Dir - straight line, f/p - orc warrior
Aim: an orc warrior, wielding a mace, wearing a plate armour and carrying a wand of flame {zapped: 6} (heavily wounded, lightly drained)
The bolt of negative energy hits the orc warrior.
The orc warrior is drained!
The orc warrior is almost dead.
Evoking this partially-identified wand wasted a few charges.
The orc warrior zaps a wand.
The puff of flame hits you!
You die...

#######.##.#.# #.# # #######
#^##.#.#####.## ## ......#
#.##.#........# ##≈ ......#
#.##.#######..# #≈≈
####.)########.##.# #..####≈≈
..(...))........#.#######......≈≈
.###.<..)..................####.≈
##)########.............####..
#.# #....@..........>..... #.#
#.##.###############.# #.# #
#o#### #.# #.# #.)..# #.# #.#
####o# #.# #.# #.# # #.# #o# #
#.# # #§# #


You could see an orc warrior.

Vanquished Creatures
  Erolcha (D:10)
  An unseen horror (D:10)
  A hill giant (D:10)
  Maurice (D:9)
  Sigmund (D:2)
  3 yaks (D:10)
  2 wyverns
  A deep elf mage (D:9)
  A trapdoor spider (D:10)
  Eustachio (D:4)
  Grum (D:8)
  3 hippogriffs
  2 wolves (D:8)
  A soldier ant (D:11)
  3 sky beasts
  7 orc warriors
  A black bear (D:6)
  A water moccasin (D:11)
  2 ice beasts
  4 ogres
  A necrophage (D:7)
  3 phantoms
  A crocodile (D:7)
  A wasp (D:7)
  8 centaurs
  A big kobold (D:8)
  4 giant frogs
  A water moccasin zombie (D:9)
  3 scorpions
  A water moccasin skeleton (D:9)
  4 killer bees (D:8)
  A quasit (D:10)
  7 orc wizards
  3 crimson imps
  Crazy Yiuf (D:3)
  4 orc priests
  Ijyb (D:2)
  A centaur skeleton (D:8)
  7 jellies
  9 hounds
  10 worker ants
  Natasha (thrice) (D:3)
  2 iguanas
  A hound skeleton (D:7)
  4 worker ant zombies
  4 gnolls (D:7)
  12 adders
  3 shadow imps
  7 oozes
  2 adder zombies
  3 adder skeletons
  4 worms
  40 orcs
  4 ball pythons
  9 bats
  5 giant cockroaches
  11 hobgoblins
  16 jackals
  4 giant geckos
  7 giant newts
  14 goblins
  A goblin skeleton (D:4)
  2 goblin zombies (D:4)
  3 hobgoblin zombies (D:4)
  A jackal skeleton (D:5)
  13 kobolds
  5 kobold skeletons (D:4)
  4 kobold zombies (D:4)
  2 orc zombies (D:4)
  9 quokkas
  2 quokka skeletons
  12 rats
319 creatures vanquished.

Vanquished Creatures (collateral kills)
  A jackal (D:6)
1 creature vanquished.

Vanquished Creatures (others)
  A quokka (D:2)
1 creature vanquished.

Grand Total: 321 creatures vanquished

Notes
Turn   | Place    | Note
--------------------------------------------------------------
     0 | D:1      | Clownie the Octopode Assassin began the quest for the Orb.
     0 | D:1      | Reached XP level 1. HP: 14/14 MP: 1/1
   182 | D:1      | Reached XP level 2. HP: 19/19 MP: 2/2
   633 | D:1      | Reached XP level 3. HP: 10/24 MP: 3/3
  1001 | D:2      | Found an ancient bone altar of Kikubaaqudgha.
  1170 | D:2      | Reached XP level 4. HP: 14/29 MP: 4/4
  1489 | D:2      | Found a white marble altar of Elyvilon.
  1788 | D:2      | Found a sparkling altar of Nemelex Xobeh.
  1845 | D:2      | Noticed Ijyb
  1852 | D:2      | Killed Ijyb
  1852 | D:2      | Reached skill level 6 in Stealth
  1926 | D:2      | Reached XP level 5. HP: 34/34 MP: 5/5
  1930 | D:2      | Noticed Sigmund
  1975 | D:2      | Killed Sigmund
  1975 | D:2      | Reached XP level 6. HP: 22/39 MP: 6/6
  2803 | D:3      | Noticed Natasha
  2818 | D:3      | Killed Natasha
  2910 | D:3      | Found Zin's Purification Station.
  2913 | D:3      | Found a glowing silver altar of Zin.
  3009 | D:3      | Noticed Natasha
  3016 | D:3      | Killed Natasha
  3072 | D:3      | Noticed Natasha
  3077 | D:3      | Killed Natasha
  3282 | D:3      | Noticed Crazy Yiuf
  3292 | D:3      | Killed Crazy Yiuf
  3292 | D:3      | Reached skill level 7 in Stealth
  3635 | D:4      | Reached XP level 7. HP: 45/45 MP: 7/7
  3703 | D:4      | Reached skill level 5 in Short Blades
  3725 | D:4      | Found a sparkling altar of Nemelex Xobeh.
  3726 | D:4      | Found a blossoming altar of Fedhas.
  3745 | D:4      | Found a glowing golden altar of the Shining One.
  4144 | D:4      | Reached skill level 5 in Dodging
  4550 | D:4      | Noticed Eustachio
  4573 | D:4      | Killed Eustachio
  4573 | D:4      | Reached XP level 8. HP: 10/50 MP: 8/8
  4958 | D:5      | Entered Level 5 of the Dungeon
  5114 | D:5      | Reached skill level 8 in Stealth
  6242 | D:6      | Found an iron altar of Okawaru.
  6244 | D:6      | Found a radiant altar of Vehumet.
  6563 | D:6      | Reached XP level 9. HP: 54/54 MP: 9/9
  6595 | D:6      | Found a deep blue altar of Sif Muna.
  6597 | D:6      | Reached skill level 9 in Stealth
  6826 | D:7      | Found a shattered altar of Ashenzari.
  6843 | D:7      | Found a staircase to the Ecumenical Temple.
  6855 | D:7      | Became a worshipper of Ashenzari the Shackled
  6913 | Temple   | Entered the Ecumenical Temple
  8201 | D:8      | Noticed Grum
  8205 | D:8      | Reached skill level 10 in Stealth
  8209 | D:8      | Killed Grum
  8214 | D:8      | Reached XP level 10. HP: 51/60 MP: 10/10
  8228 | D:8      | Found a burning altar of Makhleb.
  8241 | D:8      | Found a basalt altar of Yredelemnul.
  9069 | D:8      | Reached * piety under Ashenzari
  9392 | D:9      | Found a deep blue altar of Sif Muna.
  9642 | D:9      | Found a staircase to the Lair.
 10378 | D:9      | Noticed Maurice
 10383 | D:9      | Killed Maurice
 10383 | D:9      | Reached skill level 10 in Short Blades
 10693 | D:10     | Entered Level 10 of the Dungeon
 10707 | D:10     | Reached skill level 11 in Stealth
 10874 | D:10     | Reached skill level 10 in Dodging
 11079 | D:10     | Learned a level 6 spell: Invisibility
 11189 | D:10     | Gained mutation: Scrolls take you a little longer to read. [mutagenic meat]
 11190 | D:10     | Gained mutation: You expend magic power (3 MP) to strengthen your wands. [mutagenic meat]
 11191 | D:10     | Gained mutation: Your spells are a little harder to cast, but a little more powerful. [mutagenic meat]
 11192 | D:10     | Gained mutation: You are partially covered in molten scales (AC +1). [mutagenic meat]
 11451 | D:10     | Killed an unseen horror
 11451 | D:10     | Reached XP level 11. HP: 21/64 MP: 11/11
 12104 | D:10     | Noticed a hill giant
 12148 | D:10     | Killed a hill giant
 12367 | D:11     | Noticed Erolcha
 12384 | D:10     | Paralysed by Erolcha for 2 turns
 12397 | D:10     | Killed Erolcha
 12397 | D:10     | Reached skill level 12 in Stealth
 12578 | D:11     | Found Wuiffal's Antique Armour Boutique.
 12907 | D:11     | Found Ethe's Weapon Shop.
 12925 | D:11     | Found a staircase to the Orcish Mines.
 12958 | D:11     | HP: 3/64 [orc warrior/wand of flame (8)]
 12963 | D:11     | Killed from afar by an orc warrior

Action                   |  1- 3 |  4- 6 |  7- 9 | 10-12 || total
-------------------------+-------+-------+-------+-------++-------
Melee: Dagger            |    85 |   167 |    94 |       ||   346
       Rapier            |       |       |   158 |   274 ||   432
 Fire: Blowgun           |       |       |    39 |    33 ||    72
Throw: Throwing net      |       |       |       |     1 ||     1
Evoke: Wand              |       |       |     3 |     3 ||     6
  Use: Potion            |       |     2 |     4 |     8 ||    14
       Scroll            |       |       |     1 |     5 ||     6
 Stab: Sleeping          |    11 |    17 |    33 |    31 ||    92
       Distracted        |       |     1 |     1 |     3 ||     5
       Invisible         |       |       |       |     3 ||     3
  Eat: Chunk             |     1 |     7 |    14 |    17 ||    39
       Royal jelly       |       |       |       |     1 ||     1
